 Dungeon Crawl Stone Soup version 0.26-a0-259-g1effd001a9 (webtiles) character file.

Game seed: 2113087084513946250

146915 Lugonue the Fencer (level 16, -2/144 HPs)
             Began as a Minotaur Hunter on July 23, 2020.
             Was a High Priest of Okawaru.
             Killed from afar by a deep elf elementalist (46 damage)
             ... with a fireball
             ... on level 3 of the Elven Halls.
             The game lasted 01:07:48 (36392 turns).

Lugonue the Fencer (Minotaur Hunter)               Turns: 36392, Time: 01:07:49

Health: -2/144     AC: 32    Str: 23      XL:     16   Next: 90%
Magic:  16/16      EV: 14    Int:  5 (8)  God:    Okawaru [*****.]
Gold:   5149       SH:  5    Dex: 13      Spells: 15/15 levels left

rFire    . . .     SeeInvis .   a - +9 triple crossbow (freeze)
rCold    . . .     Faith    .   (shield currently unavailable)
rNeg     . . .     Spirit   .   t - +10 chain mail of Qimuc {+Inv rPois Str-5}
rPois    +         Reflect  +   j - +2 hat
rElec    .         Harm     .   B - scarf {repulsion}
rCorr    +                      u - +2 pair of gloves
MR       +....                  O - +2 pair of boots {run}
Stlth    ..........             r - amulet of reflection
HPRegen  0.34/turn              X - +6 ring of strength
MPRegen  0.15/turn              k - ring of resist corrosion

@: very slightly contaminated, repel missiles, quick
A: retaliatory headbutt, horns 2
a: Heroism, Finesse, Renounce Religion, Evoke Invisibility


You were on level 3 of the Elven Halls.
You worshipped Okawaru.
Okawaru was extremely pleased with you.
You were not hungry.

You visited 6 branches of the dungeon, and saw 28 of its levels.

You collected 6894 gold pieces.
You spent 1745 gold pieces at shops.

Inventory:

Hand Weapons
 a - a +9 triple crossbow of freezing (weapon)
 b - the +9 great sword of Might {venom, rPois MP+9 SInv Stlth+}
   (Okawaru gifted it to you on level 1 of the Elven Halls)

   It poisons the flesh of those it strikes.
   It protects you from poison.
   It affects your magic capacity (+9).
   It lets you see invisible.
   It makes you more stealthy.
 v - the +11 double sword of Conformity {pain, rElec rPois rC+ Dex-5}
   (Okawaru gifted it to you on level 6 of the Lair of Beasts)

   In the hands of one skilled in necromantic magic, it inflicts extra damage on
   living creatures.
   It affects your dexterity (-5).
   It protects you from cold.
   It insulates you from electricity.
   It protects you from poison.
 T - a +2 triple sword of electrocution
Missiles
 d - 347 bolts (quivered)
 y - 5 boomerangs of dispersal
 G - 3 throwing nets
Armour
 j - a +2 hat (worn)
 t - the +10 chain mail of Qimuc (worn) {+Inv rPois Str-5}
   (You bought it in a shop on level 1 of the Orcish Mines)

   It affects your strength (-5).
   It protects you from poison.
   It lets you turn invisible.
 u - a +2 pair of gloves (worn)
 B - a scarf of repulsion (worn)
 O - a +2 pair of boots of running (worn)
Jewellery
 k - a ring of resist corrosion (right hand)
 r - an amulet of reflection (around neck)
 X - a +6 ring of strength (left hand)
Wands
 c - a wand of random effects (18)
 s - a wand of enslavement (9)
 x - a wand of acid (8)
 A - a wand of iceblast (18)
 E - a wand of flame (48)
 F - a wand of digging (8)
 I - a wand of polymorph (8)
 L - a wand of paralysis (15)
 M - a wand of clouds (4)
 W - a wand of disintegration (30)
Scrolls
 l - 6 scrolls of magic mapping
 o - 16 scrolls of remove curse
 p - 5 scrolls of identify
 J - 3 scrolls of fog
 Q - 4 scrolls of teleportation
 S - a scroll of enchant armour
 U - 3 scrolls of fear
 V - 3 scrolls of immolation
 Y - a scroll of blinking
 Z - a scroll of silence
Potions
 e - 4 potions of might
 i - 3 potions of flight
 m - 3 potions of mutation
 n - 4 potions of haste
 q - 4 potions of ambrosia
 z - 3 potions of heal wounds
 D - 3 potions of curing
 P - 2 potions of resistance
 R - a potion of cancellation
Comestibles
 f - 69 rations


   Skills:
 - Level 13.6 Fighting
   Level 2.1(12.4) Short Blades
 - Level 19.5(19.6) Long Blades
 + Level 18.4 Crossbows
 - Level 5.0 Throwing
 - Level 15.2 Armour
 + Level 10.0 Dodging
 - Level 3.5 Stealth
 - Level 1.0 Unarmed Combat
 - Level 2.0 Invocations
 - Level 1.0 Evocations


You had 15 spell levels left.
You didn't know any spells.
Your spell library contained the following spells:

 Spells                   Type           Power        Failure   Level
 Animate Skeleton         Necr           #.....       93%         1
 Foxfire                  Conj/Fire      #...         93%         1
 Freeze                   Ice            #...         93%         1
 Pain                     Necr           #...         93%         1
 Corpse Rot               Necr/Air       N/A          98%         2
 Sublimation of Blood     Necr           #.........   98%         2
 Conjure Flame            Conj/Fire      #.......     100%        3
 Frozen Ramparts          Ice            #.....       100%        3
 Ignite Poison            Fire/Tmut/Pois #.......     100%        3
 Inner Flame              Hex/Fire       #.......     100%        3
 Ozocubu's Armour         Chrm/Ice       #.......     100%        3
 Recall                   Summ/Tloc      N/A          100%        3
 Stone Arrow              Conj/Erth      #.....       100%        3
 Vampiric Draining        Necr           #.........   100%        3
 Animate Dead             Necr           #.........   100%        4
 Dispel Undead            Necr           #.......     100%        4
 Hailstorm                Conj/Ice       #.......     100%        4
 Leda's Liquefaction      Hex/Erth       #.........   100%        4
 Sticky Flame             Conj/Fire      #.......     100%        4
 Summon Ice Beast         Ice/Summ       #.......     100%        4
 Agony                    Necr           #.......     100%        5
 Bolt of Magma            Conj/Fire/Erth #.........   100%        5
 Borgnjor's Vile Clutch   Necr/Erth      #.........   100%        5
 Excruciating Wounds      Chrm/Necr      #.........   100%        5
 Fireball                 Conj/Fire      #.........   100%        5
 Iskenderun's Battlesphe  Conj/Chrm      #.......     100%        5
 Summon Forest            Summ/Tloc      #.........   100%        5
 Death Channel            Necr           #.........   100%        6
 Eringya's Noxious Bog    Tmut/Pois      #.........   100%        6
 Hydra Form               Tmut           #.........   100%        6
 Iron Shot                Conj/Erth      #.........   100%        6
 Simulacrum               Ice/Necr       #.........   100%        6
 Starburst                Conj/Fire      #.........   100%        6
 Statue Form              Tmut/Erth      #........    100%        6
 Orb of Destruction       Conj           #.........   100%        7
 Ring of Flames           Chrm/Fire      #.........   100%        7
 Spellforged Servitor     Conj/Summ      #.........   100%        7
 Summon Hydra             Summ           #.........   100%        7
 Ignition                 Fire           #.........   100%        8
 Shatter                  Erth           #.........   100%        9


Dungeon Overview and Level Annotations

Branches:
Dungeon (15/15)            Temple (1/1) D:5            Lair (6/6) D:10
  Swamp (0/4) Lair:3        Snake (1/4) Lair:2        Slime (0/5) Lair:5
    Orc (2/2) D:10            Elf (3/3) Orc:2        Vaults (0/5) D:13
 Depths (0/5) D:15

Altars:
Fedhas
Gozag
Hepliaklqana
Kikubaaqudgha
Makhleb
Okawaru
Qazlal
Trog
Uskayaw
Vehumet
Zin
The Shining One
Beogh

Shops:
D:8 (   D:11 (   Orc:1 [   Orc:2 :(:(   Elf:1 ?   Elf:3 :

Portals:
Trove: D:11 (give +3 storm dragon scales)

Annotations:
D:7 2 transporters, Flogoulo's ghost, novice FoAK
Elf:2 3 runed translucent doors


Innate Abilities, Weirdness & Mutations

You reflexively headbutt those who attack you in melee.
You have a pair of horns on your head.


Message History

The deep elf elementalist points at you and mumbles some strange words.
The fireball explodes!
The fireball engulfs you!!!
The fireball engulfs the earth elemental.
The earth elemental completely resists.
The fireball engulfs the earth elemental.
The earth elemental completely resists.
The earth elemental hits you!!
* * * LOW HITPOINT WARNING * * *
The earth elemental misses you. You furiously retaliate!
You headbutt the earth elemental!
Blink to where?
Press: ? - help, Dir - move target cursor, p - deep elf elementalist You are very lightly contaminated with residual magic.
As you read the scroll of blinking, it crumbles to dust.
Firing (i - inventory. (/) - cycle)
d - 348 bolts (quivered)
Press: ? - help, Shift-Dir - straight line, f - deep elf elementalist
Aim: a deep elf elementalist, wielding a +0 rapier (moderately wounded, repelling missiles)
You shoot a bolt. The bolt is repelled.
The deep elf elementalist points at you and mumbles some strange words.
The fireball explodes!
The fireball engulfs you!!!
You die...

#..........<# #.........'E
#....<......####..........#
#...........##.#...E(.....#
#...........##.e.E.......##
#...........##.E[(......##
#....)......#..........#'##
######'#####)####.###'###.#
######'####............###.
##....=.##@.##########.# ##
##.#.....#+#.#........#.# #
#..#......##.#.)......#.#
#)..#.....##.#.##''##.#
....#......#.'.#....#
.....#.....#.))#....# +
.....+....<.)#)##''##.#
.....#.......#..).....#
......#......#}..)....#


You could see a deep elf elementalist (repels missiles) and 2 earth elementals.

Vanquished Creatures
  An orc warlord (Orc:2)
  3 deep elf elementalists
  An ironheart preserver (D:13)
  2 deep elf demonologists
  2 deep elf annihilators
  Fannar (Orc:1)
  A deep elf high priest (Elf:3)
  8 hydras
  Harold (D:9)
  3 catoblepae (Lair:6)
  Erica (D:10)
  A rakshasa (D:14)
  An anaconda (Lair:2)
  2 death knights
  6 death yaks (Lair:6)
  4 centaur warriors
  14 dancing weapons
  11 two-headed ogres
  2 ogre magi
  An orc high priest (D:10)
  Urug (Lair:3)
  13 deep elf knights
  Nergalle (Orc:2)
  4 unseen horrors
  A deep troll (D:14)
  A glowing orange brain (D:15)
  9 deep elf archers
  54 deep elf magi
  Pikel (D:9)
  4 orc knights
  A phantasmal warrior (D:15)
  A harpy (shapeshifter) (D:14)
  A wolf spider zombie (D:13)
  10 orc sorcerers (Orc:2)
  5 cyclopes
  3 manticores
  11 ugly things (D:15)
  2 salamanders (shapeshifter)
  4 black mambas
  Joseph (D:8)
  A cyclops (shapeshifter) (D:15)
  8 cane toads
  A freezing wraith (D:15)
  6 rime drakes
  Maggie (D:9)
  2 kobold demonologists (D:13)
  A komodo dragon (shapeshifter) (D:15)
  6 yaktaurs
  2 komodo dragons
  9 trolls
  A queen bee (Lair:5)
  A wind drake (shapeshifter) (D:15)
  A polar bear (Lair:6)
  3 meliai (Lair:5)
  A hornet (D:12)
  14 hippogriffs
  10 slime creatures
  6 dream sheep (Lair:5)
  4 air elementals
  A water elemental (Elf:1)
  A human (shapeshifter) (D:13)
  32 yaks
  4 wraiths
  2 hogs (shapeshifter) (D:15)
  6 wyverns
  A steam dragon (D:11)
  2 fire elementals
  7 vampire mosquitoes
  Menkaure (D:6)
  A soldier ant (D:10)
  6 wargs
  4 insubstantial wisps (D:13)
  A naga (Lair:2)
  2 swamp worms (Lair:3)
  17 water moccasins
  Duvessa (D:5)
  11 porcupines
  A swamp drake (D:10)
  A black bear (shapeshifter) (D:12)
  3 black bears
  4 sky beasts
  3 necrophages
  7 ice beasts
  32 orc warriors
  2 phantoms
  3 boggarts (D:15)
  8 wolves
  15 ogres
  7 centaurs
  15 crocodiles
  A big kobold (D:8)
  21 bullfrogs
  2 earth elementals
  Dowan (D:5)
  A water moccasin skeleton (D:4)
  5 scorpions
  A wyvern skeleton (D:8)
  17 killer bees
  9 wights
  An electric eel (Lair:3)
  A howler monkey (D:6)
  A crimson imp (D:4)
  5 centaur zombies
  3 bullfrog zombies
  7 hounds
  4 jellies
  13 orc priests
  41 orc wizards
  3 bullfrog skeletons
  2 centaur skeletons
  4 iguanas
  12 worker ants
  A hound zombie (D:6)
  A worker ant zombie (D:6)
  A gnoll (D:6)
  15 adders
  A howler monkey skeleton (D:10)
  A shadow imp (D:5)
  3 white imps
  3 ufetubi
  5 oozes
  3 adder skeletons
  An adder zombie (D:9)
  2 worms
  2 dart slugs
  4 leopard geckos
  98 orcs
  A ball python (D:5)
  8 bats
  3 giant cockroaches
  7 goblins
  2 hobgoblins
  16 jackals
  9 kobolds
  8 quokkas
  4 frilled lizards (D:2)
  A goblin skeleton (D:4)
  2 goblin zombies (D:4)
  5 hobgoblin zombies (D:4)
  A jackal zombie (D:4)
  2 kobold skeletons (D:4)
  A kobold zombie (D:4)
  2 orc zombies (D:4)
  4 rats (D:2)
  A fungus (Lair:6)
  A plant (Lair:5)
847 creatures vanquished.

Vanquished Creatures (collateral kills)
  A killer bee (Lair:5)
  An orc wizard (D:8)
  2 oozes (Lair:5)
4 creatures vanquished.

Vanquished Creatures (others)
  A dancing weapon (Elf:1)
  A deep elf knight (Elf:1)
  A cane toad (Lair:5)
  An ogre (D:8)
  3 killer bees (Lair:5)
  An orc wizard (Orc:2)
  An orc (Orc:2)
  23 fungi
  11 plants
43 creatures vanquished.

Grand Total: 894 creatures vanquished

Notes
Turn   | Place    | Note
-------+----------+-------------------------------------------
     0 | D:1      | Lugonue the Minotaur Hunter began the quest for the Orb.
     0 | D:1      | Reached XP level 1. HP: 18/18 MP: 0/0
   208 | D:1      | Reached XP level 2. HP: 25/25 MP: 1/1
   231 | D:1      | Reached skill level 5 in Crossbows
   287 | D:1      | You fall into a shaft and drop 1 floor!
   496 | D:2      | Reached XP level 3. HP: 23/30 MP: 2/2
   884 | D:2      | Found a bloodstained altar of Trog.
  1434 | D:3      | Reached skill level 1 in Armour
  1594 | D:3      | Reached XP level 4. HP: 37/37 MP: 3/3
  1600 | D:3      | Found a burning altar of Makhleb.
  1600 | D:3      | Noticed a green death
  1605 | D:3      | Noticed a ynoxinul
  1605 | D:3      | Noticed an orange demon
  1688 | D:3      | Reached skill level 1 in Short Blades
  2374 | D:4      | Reached XP level 5. HP: 38/45 MP: 4/4
  2576 | D:4      | Reached skill level 1 in Stealth
  2761 | D:4      | Noticed an ogre
  2782 | D:4      | Killed an ogre
  2782 | D:4      | Reached XP level 6. HP: 29/51 MP: 5/5
  3181 | D:4      | Reached skill level 5 in Armour
  3227 | D:4      | Found a glowing golden altar of the Shining One.
  3935 | D:5      | Entered Level 5 of the Dungeon
  3936 | D:5      | Noticed Duvessa
  3936 | D:5      | Noticed Dowan
  4095 | D:5      | Reached XP level 7. HP: 56/57 MP: 6/6
  4200 | D:5      | Found a hide-covered altar of Uskayaw.
  4248 | D:5      | Killed Duvessa
  4248 | D:5      | Reached skill level 1 in Throwing
  4672 | D:5      | Found a staircase to the Ecumenical Temple.
  4688 | D:5      | Killed Dowan
  4939 | Temple   | Entered the Ecumenical Temple
  4973 | Temple   | Became a worshipper of Warmaster Okawaru
  5883 | D:6      | Reached XP level 8. HP: 63/67 MP: 7/7
  6310 | D:6      | Noticed Menkaure
  6319 | D:6      | Killed Menkaure
  6319 | D:6      | Reached skill level 5 in Fighting
  6920 | D:6      | Reached * piety under Okawaru
  7244 | D:6      | HP: 2/70 [orc warrior/+0 glaive (13)]
  7246 | D:6      | Reached XP level 9. HP: 9/75 MP: 8/8
  7814 | D:7      | Found a blossoming altar of Fedhas.
  8116 | D:7      | Reached ** piety under Okawaru
  8116 | D:7      | Reached skill level 10 in Armour
  8780 | D:7      | Found a transporter.
  8785 | D:7      | Found a transporter.
  8824 | D:7      | Noticed a toenail golem
  8835 | D:7      | Noticed Flogoulo's ghost (novice FoAK)
  9089 | D:8      | Found Tuikuq's Antique Weapon Shop.
  9098 | D:8      | Bought an arbalest for 103 gold pieces
  9098 | D:8      | Bought a great sword for 149 gold pieces
  9230 | D:8      | Noticed a two-headed ogre
  9267 | D:7      | Killed a two-headed ogre
  9267 | D:7      | Reached *** piety under Okawaru
  9267 | D:7      | Reached skill level 2 in Long Blades
  9267 | D:7      | Reached XP level 10. HP: 34/86 MP: 9/9
  9690 | D:8      | Reached skill level 3 in Long Blades
  9883 | D:8      | Found a glowing silver altar of Zin.
 10082 | D:8      | Reached skill level 4 in Long Blades
 10362 | D:8      | Noticed Joseph
 10421 | D:8      | Killed Joseph
 10421 | D:8      | Reached **** piety under Okawaru
 10421 | D:8      | Received a gift from Okawaru
 10781 | D:9      | Reached skill level 5 in Long Blades
 10818 | D:9      | Received a gift from Okawaru
 11131 | D:9      | Reached skill level 6 in Long Blades
 11209 | D:9      | Noticed Pikel
 11222 | D:9      | Killed Pikel
 11222 | D:9      | Reached skill level 5 in Dodging
 11224 | D:9      | Reached skill level 1 in Unarmed Combat
 11343 | D:9      | Reached skill level 7 in Long Blades
 11495 | D:9      | Noticed Harold
 11527 | D:9      | Killed Harold
 11538 | D:9      | Noticed Maggie
 11555 | D:9      | Reached XP level 11. HP: 81/94 MP: 7/10
 11558 | D:9      | Killed Maggie
 11861 | D:9      | Found a hazy altar of Hepliaklqana.
 12042 | D:10     | Entered Level 10 of the Dungeon
 12046 | D:10     | Reached skill level 8 in Long Blades
 12090 | D:10     | Identified a scroll of acquirement
 12093 | D:10     | Acquired a +3 triple crossbow of freezing
 12301 | D:10     | Killed an unseen horror
 12301 | D:10     | Reached ***** piety under Okawaru
 12394 | D:10     | Received a gift from Okawaru
 12394 | D:10     | Reached skill level 5 in Throwing
 12522 | D:10     | Reached skill level 9 in Long Blades
 12524 | D:10     | Found a staircase to the Lair.
 12908 | D:10     | Found a staircase to the Orcish Mines.
 13109 | D:10     | Noticed Erica
 13115 | D:10     | Killed Erica
 13243 | D:10     | Noticed a two-headed ogre
 13250 | D:10     | Killed a two-headed ogre
 13524 | Lair:1   | Entered Level 1 of the Lair of Beasts
 13602 | Lair:1   | Noticed a six-headed hydra
 13609 | Lair:1   | Killed a six-headed hydra
 13609 | Lair:1   | Reached skill level 10 in Crossbows
 14367 | Lair:2   | Reached skill level 10 in Long Blades
 14551 | Lair:2   | Reached XP level 12. HP: 99/103 MP: 11/11
 14647 | Lair:2   | Noticed a four-headed hydra
 14658 | Lair:2   | Killed a one-headed hydra
 14926 | Lair:2   | Found a staircase to the Snake Pit.
 15245 | Lair:2   | Found an iron altar of Okawaru.
 15561 | Snake:1  | Entered Level 1 of the Snake Pit
 15561 | Snake:1  | Noticed an anaconda
 15602 | Lair:2   | Killed an anaconda
 15602 | Lair:2   | Received a gift from Okawaru
 15617 | Lair:2   | Acquired 4220 gold pieces
 15950 | Lair:3   | Noticed Urug
 15964 | Lair:3   | Killed Urug
 16072 | Lair:3   | Received a gift from Okawaru
 16458 | Lair:3   | Found a staircase to the Swamp.
 16895 | Lair:3   | Received a gift from Okawaru
 17252 | Lair:4   | You fall into a shaft and drop 2 floors!
 17252 | Lair:6   | Entered Level 6 of the Lair of Beasts
 17330 | Lair:6   | Noticed a six-headed hydra
 17336 | Lair:6   | Killed a six-headed hydra
 17336 | Lair:6   | Received a gift from Okawaru
 17436 | Lair:6   | Noticed a seven-headed hydra
 17438 | Lair:6   | Killed a seven-headed hydra
 17438 | Lair:6   | Received a gift from Okawaru
 17654 | Lair:6   | Noticed a seven-headed hydra
 17658 | Lair:6   | Killed a seven-headed hydra
 17658 | Lair:6   | Received a gift from Okawaru
 17658 | Lair:6   | Reached skill level 1 in Invocations
 17710 | Lair:6   | Reached skill level 11 in Long Blades
 17990 | Lair:6   | Noticed an eight-headed hydra
 18000 | Lair:6   | Killed a five-headed hydra
 18000 | Lair:6   | Reached XP level 13. HP: 41/111 MP: 12/12
 18370 | Lair:6   | Received a gift from Okawaru
 18373 | Lair:6   | Got an iridescent double sword {god gift}
 18377 | Lair:6   | Identified the +11 double sword of Conformity {pain, rElec
                  | rPois rC+ Dex-5} (Okawaru gifted it to you on level 6 of
                  | the Lair of Beasts)
 18455 | Lair:6   | Reached ****** piety under Okawaru
 18800 | Lair:6   | Received a gift from Okawaru
 18800 | Lair:6   | Reached skill level 12 in Long Blades
 19463 | Lair:6   | Reached skill level 10 in Fighting
 19639 | Lair:5   | Received a gift from Okawaru
 19678 | Lair:5   | Identified a +1 pair of boots of running (Okawaru gifted it
                  | to you on level 5 of the Lair of Beasts)
 20044 | Lair:5   | Found a staircase to the Slime Pits.
 20732 | Lair:4   | Reached skill level 13 in Long Blades
 20962 | Lair:4   | Reached skill level 1 in Evocations
 21933 | D:11     | Found Mipir's Antique Weapon Shoppe.
 22158 | D:11     | Found a portal to a secret trove of treasure.
 22607 | D:12     | Reached XP level 14. HP: 122/122 MP: 14/14
 22631 | D:12     | Received a gift from Okawaru
 22784 | D:12     | Acquired a manual of Long Blades
 23205 | D:12     | Reached skill level 14 in Long Blades
 23794 | D:13     | Noticed an ironheart preserver
 23796 | D:13     | Found a gate to the Vaults.
 23816 | D:13     | Killed an ironheart preserver
 23816 | D:13     | Reached skill level 15 in Long Blades
 24663 | D:14     | Reached skill level 16 in Long Blades
 24908 | D:14     | Reached skill level 15 in Crossbows
 25444 | D:15     | Entered Level 15 of the Dungeon
 25515 | D:15     | Received a gift from Okawaru
 26389 | D:15     | Reached skill level 17 in Long Blades
 26391 | D:15     | Received a gift from Okawaru
 26392 | D:15     | Reached XP level 15. HP: 131/132 MP: 13/15
 27172 | D:15     | Received a gift from Okawaru
 27503 | D:15     | Found a staircase to the Depths.
 27522 | D:15     | Received a gift from Okawaru
 27522 | D:15     | Reached skill level 18 in Long Blades
 28103 | Orc:1    | Entered Level 1 of the Orcish Mines
 28241 | D:10     | Received a gift from Okawaru
 28300 | Orc:1    | Found Egeanal's Armour Shop.
 28349 | Orc:1    | Bought the +10 chain mail of Qimuc {+Inv rPois Str-5} for
                  | 808 gold pieces
 28414 | Orc:1    | Noticed Fannar
 28421 | Orc:1    | Killed Fannar
 28870 | Orc:2    | Entered Level 2 of the Orcish Mines
 29148 | Orc:2    | Noticed an orc warlord
 29153 | Orc:2    | Killed an orc warlord
 29153 | Orc:2    | Received a gift from Okawaru
 29363 | Orc:2    | Found a staircase to the Elven Halls.
 29661 | Orc:2    | Received a gift from Okawaru
 29786 | Orc:2    | Found a radiant altar of Vehumet.
 29786 | Orc:2    | Paralysed by an orc sorcerer for 5 turns
 29825 | Orc:2    | Paralysed by an orc sorcerer for 5 turns
 29836 | Orc:2    | Found Vairug's Antique Weapon Shoppe.
 29873 | Orc:2    | Noticed Nergalle
 29875 | Orc:2    | Found an ancient bone altar of Kikubaaqudgha.
 29885 | Orc:2    | Killed Nergalle
 29961 | Orc:2    | Found a roughly hewn altar of Beogh.
 29961 | Orc:2    | Found Ycyje's Book Shoppe.
 29985 | Orc:2    | Found Kuroah's Magic Scroll Emporium.
 30006 | Orc:2    | Bought a scroll of enchant weapon for 75 gold pieces
 30006 | Orc:2    | Bought a scroll of enchant armour for 75 gold pieces
 30006 | Orc:2    | Bought a scroll of enchant weapon for 75 gold pieces
 30006 | Orc:2    | Bought a scroll of enchant weapon for 75 gold pieces
 30006 | Orc:2    | Bought a scroll of teleportation for 30 gold pieces
 30006 | Orc:2    | Bought a scroll of remove curse for 30 gold pieces
 30006 | Orc:2    | Bought a scroll of immolation for 35 gold pieces
 30006 | Orc:2    | Bought a scroll of remove curse for 30 gold pieces
 30068 | Orc:2    | Found Fenly's Book Shoppe.
 30098 | Orc:2    | Found Ceesuat's Antique Weapon Boutique.
 30125 | Orc:2    | Received a gift from Okawaru
 30710 | Elf:1    | Entered Level 1 of the Elven Halls
 31010 | Elf:1    | Found Kipum's Magic Scroll Emporium.
 31560 | Elf:1    | Reached skill level 19 in Long Blades
 31565 | Elf:1    | Received a gift from Okawaru
 31573 | Elf:1    | Identified the +9 great sword of Might {venom, rPois MP+9
                  | SInv Stlth+} (Okawaru gifted it to you on level 1 of the
                  | Elven Halls)
 31684 | Elf:1    | Reached skill level 15 in Armour
 31698 | Elf:1    | Reached XP level 16. HP: 84/143 MP: 16/16
 32426 | Elf:1    | You fall into a shaft and drop 1 floor!
 32443 | Elf:2    | Noticed a deep elf blademaster
 32929 | Elf:2    | Received a gift from Okawaru
 34171 | Elf:1    | Received a gift from Okawaru
 34739 | Elf:1    | Bought a scroll of blinking for 150 gold pieces
 34739 | Elf:1    | Bought a scroll of fear for 70 gold pieces
 34739 | Elf:1    | Bought a scroll of fog for 40 gold pieces
 35761 | Elf:2    | Found a runed translucent gate.
 35761 | Elf:2    | Found a runed translucent gate.
 35762 | Elf:2    | Found a runed translucent gate.
 35827 | Elf:3    | Entered Level 3 of the Elven Halls
 35840 | Elf:3    | Received a gift from Okawaru
 35953 | Elf:3    | Received a gift from Okawaru
 36268 | Elf:3    | Found Yngotz's Book Emporium.
 36294 | Elf:3    | Noticed an Ice Fiend
 36296 | Elf:3    | Reached skill level 10 in Dodging
 36392 | Elf:3    | Killed from afar by a deep elf elementalist

Illustrated notes

Levels and vault maps discovered:
D:1:      matt_arrival_diagonals, layout_loops_ring
D:2:      layout_loops_ring, lemuel_coloured_pillars_altar, first_ration
D:3:      layout_loops_ring, makhleb_altar_promises_db
D:4:      layout_basic, minmay_fountain_box, nicolae_tso_besieged_by_evil
D:5:      layout_layer_cave, nicolae_overflow_crystal_walls,
          minmay_temple_entry_drinking_statues, uniq_duvessa
D:6:      minmay_razor_zed, layout_loops_ring, wad_floor_pattern_1,
          minmay_pentangle, uniq_menkaure
D:7:      layout_basic, gammafunk_ghost_abyssal_escape, fedhas_altar_2
D:8:      layout_basic, zin_statuary, serial_shops, shop, blue_anna_alchemist
          [blue_anna_fruit_fields, blue_anna_fruit_fields], uniq_joseph
D:9:      layout_long_grid, overflow_temple_1_default, uniq_pikel, uniq_maggie,
          uniq_harold
D:10:     layout_roguey, due_lair_maze_entry_diamond, erik_orc_1, uniq_erica
D:11:     layout_roguey, nicolae_trove_entry_crystal, serial_shops,
          nicolae_shop_crystal
D:12:     layout_irregular_city, minmay_shattered_shrine
D:13:     layout_rooms, skrybe_vaults_entry_preservation, pond
D:14:     layout_irregular_city, hangedman_decor_cross_pass,
          minmay_tree_intersection
D:15:     gammafunk_enter_depths_forms, layout_small_grid,
          hangedman_decor_growths, fountainhead, st_stairs_4
Temple:   dpeg_five_rooms_temple
Lair:1:   layout_misc_corridors, grunt_megastairs_4, infiniplex_staircase_pool
Lair:2:   layout_loops_ring, minmay_snake_entry_six_corridors, basic_altar,
          lemuel_fruit_tree
Lair:3:   layout_long_grid, nicolae_swamp_entry_splash_gauntlet, uniq_urug
Lair:4:   layout_small_grid, portal_ice_cave_rime
Lair:5:   layout_loops_ring, nicolae_slime_entry_slimehenge, special_room
          [special_room_bee], serial_rivers, chequers_serial_rivers_micro_e,
          chequers_serial_rivers_large_b, chequers_serial_rivers_micro_a,
          chequers_serial_rivers_micro_c
Lair:6:   evilmike_catoblepas_cave, layout_regular_city, gauntlet_entry_generic
Snake:1:  layout_misc_corridors, serial_shops, nicolae_shop_overgrown_old_shop,
          shop, shop, nicolae_shop_waterfront, nicolae_shop_trees, st_stairs_9,
          grunt_megastairs_1, uniq_louise, uniq_asterion
Orc:1:    layout_diamond_mine, serial_shops,
          nicolae_shop_temple_entry_statues_fountains, uniq_fannar
Orc:2:    kennysheep_orc_mage_school, layout_diamond_mine, serial_shops, shop,
          nicolae_orc_crystal_geode
Elf:1:    minmay_elf_arrival_summoners, layout_loops_corners, serial_shops,
          shop, minivault_28, library_closet
Elf:2:    layout_geoelf_grid, ebering_dispersal_statue_hall, st_stairs_3
Elf:3:    minmay_elf_hall_curves, layout_geoelf_grid, serial_shops, shop,
          drop_trap, guppyfry_library_mini

Skill      XL: |  1  2  3  4  5  6  7  8  9 10 11 12 13 14 15 16 |
---------------+-------------------------------------------------+-----
Crossbows      | 5 6 8 11 13 14 15 16 18 | 18.4
Armour         | 1 2 4 5 7 9 11 12 13 14 15 | 15.2
Short Blades   | 2 |  2.1
Fighting       | 3 4 5 7 8 9 10 11 13 | 13.6
Stealth        | 1 2 3 |  3.5
Dodging        | 3 4 5 6 7 9 10 | 10.0
Throwing       | 1 2 3 4 5 |  5.0
Long Blades    | 2 7 10 11 13 17 19 | 19.5
Unarmed Combat | 1 |  1.0
Invocations    | 1 2 |  2.0
Evocations     | 1 |  1.0

Action                   |  1- 3 |  4- 6 |  7- 9 | 10-12 | 13-15 | 16-18 || total
-------------------------+-------+-------+-------+-------+-------+-------++-------
Melee: Short sword       |    86 |    41 |    18 |       |       |       ||   145
       Headbutt          |    16 |    30 |    58 |   126 |   149 |    18 ||   397
       Dagger            |       |    90 |   229 |       |       |       ||   319
       Falchion          |       |       |    34 |   393 |       |       ||   427
       Unarmed           |       |       |       |     7 |       |       ||     7
       Punch             |       |       |       |     2 |     6 |       ||     8
       Great sword       |       |       |       |    45 |     7 |    46 ||    98
       Scimitar          |       |       |       |    12 |     4 |       ||    16
       Double sword      |       |       |       |       |   882 |       ||   882
 Fire: Hand crossbow     |     2 |     2 |    58 |       |       |       ||    62
       Arbalest          |       |       |     2 |    10 |       |       ||    12
       Triple crossbow   |       |       |       |   234 |   264 |   273 ||   771
Throw: Dart              |       |     9 |    24 |    37 |       |       ||    70
Invok: Heroism           |       |       |     1 |    13 |    16 |     7 ||    37
       Finesse           |       |       |       |       |       |     1 ||     1
Evoke: Wand              |       |       |     1 |     5 |     7 |     1 ||    14
  Use: Scroll            |       |     9 |     6 |    12 |    11 |    20 ||    58
       Potion            |       |     2 |     4 |     2 |     2 |     6 ||    16
 Stab: Confused          |       |       |       |       |     3 |       ||     3
       Petrified         |       |       |       |       |     1 |       ||     1
  Eat: Ration            |     1 |     2 |     5 |     7 |    12 |     4 ||    31
Armor: Leather armour    |     4 |       |       |       |       |       ||     4
       Ring mail         |    19 |    46 |    10 |       |       |       ||    75
       Plate armour      |       |       |   151 |   406 |   441 |       ||   998
       Skin              |       |       |       |     2 |       |       ||     2
       Chain mail        |       |       |       |       |   140 |    97 ||   237
Dodge: Dodged            |    54 |    89 |   135 |   258 |   414 |   113 ||  1063
       Repelled          |       |       |       |    10 |    36 |    34 ||    80
Block: Other             |       |       |       |    70 |   196 |    42 ||   308
       Reflection        |       |       |       |       |     6 |    14 ||    20
       Rpst.: Falchion   |       |       |     2 |    41 |       |       ||    43
       Great sword       |       |       |       |     9 |     1 |     9 ||    19
       Scimitar          |       |       |       |     4 |       |       ||     4
       Double sword      |       |       |       |       |    80 |       ||    80

Table legend:
 A = Non-vault XP
 B = Vault XP
 C = Vault XP percentage of total XP
 D = Non-vault monster count
 E = Vault monster count
 F = Vault count percentage of total count
                 A         B        C        D         E       F
            +---------+---------+-------+---------+---------+-------
      Total |  140992 |   68887 |  32.8 |     620 |     232 |  27.2
            +---------+---------+-------+---------+---------+-------
        D:1 |      22 |       0 |   0.0 |       8 |       0 |   0.0
        D:2 |      50 |       0 |   0.0 |      16 |       0 |   0.0
        D:3 |     104 |       0 |   0.0 |      17 |       0 |   0.0
        D:4 |     417 |      63 |  13.1 |      19 |      14 |  42.4
        D:5 |     406 |     226 |  35.8 |      19 |       2 |   9.5
        D:6 |     506 |    1333 |  72.5 |      19 |      17 |  47.2
        D:7 |    2127 |       0 |   0.0 |      28 |       0 |   0.0
        D:8 |    1854 |     558 |  23.1 |      38 |       2 |   5.0
        D:9 |    1857 |    1998 |  51.8 |      28 |       3 |   9.7
       D:10 |    3998 |    2700 |  40.3 |      26 |      28 |  51.9
       D:11 |    2505 |       0 |   0.0 |      21 |       0 |   0.0
       D:12 |    3960 |    2905 |  42.3 |      26 |       8 |  23.5
       D:13 |    6662 |    5193 |  43.8 |      31 |      15 |  32.6
       D:14 |    8336 |       0 |   0.0 |      21 |       0 |   0.0
       D:15 |   26045 |    4901 |  15.8 |      69 |      11 |  13.8
     Lair:1 |    3297 |       0 |   0.0 |      17 |       0 |   0.0
     Lair:2 |    5704 |    1324 |  18.8 |      15 |      12 |  44.4
     Lair:3 |    2141 |    1219 |  36.3 |       9 |       4 |  30.8
     Lair:4 |    2615 |     765 |  22.6 |      13 |       2 |  13.3
     Lair:5 |    4285 |    1607 |  27.3 |      15 |      24 |  61.5
     Lair:6 |    8570 |   11569 |  57.4 |      29 |      23 |  44.2
      Orc:1 |    2211 |     982 |  30.8 |      21 |       1 |   4.5
      Orc:2 |    5999 |    7175 |  54.5 |      43 |      32 |  42.7
      Elf:1 |   21170 |   11086 |  34.4 |      35 |      17 |  32.7
      Elf:2 |   22717 |    3765 |  14.2 |      33 |       5 |  13.2
      Elf:3 |    3434 |    9518 |  73.5 |       4 |      12 |  75.0
            +---------+---------+-------+---------+---------+-------
